 Dungeon Sprint DCSS version 0.30-a0-137-gd8773701ce (webtiles) character file.

Game seed: 17272742580409979340

9 purpskrrrp the Changer (level 1, -3/17 HPs)
             Began as a Demigod Transmuter on Sept 22, 2022.
             Killed from afar by an oklob sapling (20 damage)
             ... with a splash of acid
             ... in the Dungeon (Sprint IV: "Fedhas' Mad Dash").
             The game lasted 00:01:53 (165 turns).

purpskrrrp the Changer (Demigod Transmuter)          Turns: 165, Time: 00:01:54

Health: -3/17      AC:  2    Str: 11    XL:     1   Next: 93%
Magic:  5/6        EV: 12    Int: 15    God:
Gold:   0          SH:  0    Dex: 14    Spells: 3/4 levels left

rFire   . . .      SeeInvis .    i - +0 short sword
rCold   . . .      Faith    .    (no shield)
rNeg    . . .      Spirit   .    a - +0 robe
rPois   .          Reflect  .    (helmet currently unavailable)
rElec   .          Harm     .    (no cloak)
rCorr   .          Rampage  .    (no gloves)
Will    .....      NoTele   +    (boots currently unavailable)
Stlth   +.........               (no amulet)
HPRegen 0.05/turn                (no ring)
MPRegen 0.10/turn                (no ring)

@: appendages
A: horns 2, talons 2, high MP 1, forlorn, divine attributes
a: End Transformation


You were in the Dungeon.
You had temporarily grown beastly horns and talons.
You visited 1 branch

Inventory:

Hand Weapons
 i - a +0 short sword (weapon)
Armour
 a - a +0 robe (worn)
Scrolls
 h - a scroll of blinking
Potions
 b - a potion of lignification
 c - a potion of curing
 d - a potion of heal wounds
 e - a potion of haste
 f - 2 potions of magic
 g - a potion of berserk rage


   Skills:
 + Level 1.7 Fighting
 + Level 0.0 Short Blades
 + Level 2.4 Dodging
 - Level 2.6 Unarmed Combat
 + Level 2.3 Spellcasting
 * Level 3.0 Transmutations


You had 3 spell levels left.
You knew the following spells:

 Your Spells              Type           Power      Damage    Failure   Level
a - Beastly Appendage     Tmut           20%        N/A       6%          1

Your spell library contained the following spells:

 Spells                   Type           Power      Damage    Failure   Level
 Wereblood                Tmut           10%        N/A       10%         2
 Spider Form              Tmut/Pois      6%         N/A       34%         3
 Ice Form                 Ice/Tmut       6%         N/A       75%         4


Dungeon Overview and Level Annotations

Branches:
Dungeon (1/1)

Annotations:
D exclusion: oklob sapling


Innate Abilities, Weirdness & Mutations

You have temporarily grown beastly horns and talons.
You have an increased reservoir of magic. (+10% MP)
You shall have no god before yourself.
Your divine heritage dramatically boosts your attributes as you level up.


Message History

The river rat is severely wounded.
The river rat closely misses you.
You hit the river rat.
You kill the river rat!
Your Fighting skill increases to level 1!
Your Dodging skill increases to level 2!
Your Spellcasting skill increases to level 2!
Your Transmutations skill increases to level 2!
You closely miss the rat. Your headbutt misses the rat. The rat misses you.
You hit the rat but do no damage. Your punch misses the rat.
The rat barely misses you.
You hit the rat.
You kill the rat!
Your Transmutations skill increases to level 3!
There is an open door, spattered with blood here.
You see here a river rat corpse.
You see here a +0 short sword.
Your horns disappear.
Your talons disappear.
You see here a +0 short sword.
i - a +0 short sword You start resting.
Magic restored.
You start resting.
HP restored.
As you open the door, it creaks loudly!
An oklob sapling comes into view.
Marking area around an oklob sapling as unsafe for travelling.
Found 45 gold pieces.
You grow a pair of large bovine horns.
Your feet morph into talons.
Really walk into a travel-excluded area?
There is an open door here.
i - a +0 short sword (weapon)
Really walk into a travel-excluded area?
There is an open door here.
You hit the oklob sapling but do no damage.
You claw the oklob sapling, but do no damage.
The oklob sapling spits acid at you. The splash of acid hits you!!
Ouch! That really hurt!
You die...

##################
#<..P#.....#.$$$$#
#PP..†.....@.#
#PPPP#.....#P#
##############


You could see an oklob sapling.

Vanquished Creatures
  A river rat (D)
  A rat (D)
2 creatures vanquished.

Notes
Turn   | Place    | Note
-------+----------+-------------------------------------------
     0 | D        | purpskrrrp the Demigod Transmuter began the quest for the
                  | Orb.
     0 | D        | Reached XP level 1. HP: 15/15 MP: 5/5
    20 | D        | Reached skill level 1 in Fighting
    20 | D        | Reached skill level 2 in Transmutations
    23 | D        | Reached skill level 3 in Transmutations
   158 | D        | Noticed an oklob sapling
   165 | D        | Killed from afar by an oklob sapling

Illustrated notes

Levels and vault maps discovered:
D:        dungeon_sprint_fedhas [sprint_temple]

Skill      XL: |  1 |
---------------+----+-----
Fighting       | 1 |  1.7
Dodging        | 2 |  2.4
Spellcasting   | 2 |  2.3
Transmutations | 3 |  3.0
Unarmed Combat | |  2.6

Action                   || total
-------------------------++-------
Melee: Unarmed           ||    11
       Kick              ||     2
       Headbutt          ||     2
       Short sword       ||     1
 Cast: Beastly Appendage ||     3
Dodge: Dodged            ||     8

Table legend: (Time is in decaauts)
 A = Elapsed time spent in this place.
 B = Non-inter-level travel time spent in this place.
 C = Inter-level travel time spent in this place.
 D = Time resting spent in this place.
 E = Time spent auto-exploring this place.
 F = Levels seen in this place.
 G = Mean time per level.
                   A        B        C        D        E       F      G
               +--------+--------+--------+--------+--------+-----+--------+
         Total |    164 |    164 |      0 |    126 |      0 |   1 |  164.0 |
       Dungeon |    164 |    164 |      0 |    126 |      0 |   1 |  164.0 |
               +--------+--------+--------+--------+--------+-----+--------+

Top non-repeatable levels by time:
       D: 164 daAuts
